 Dungeon Crawl Stone Soup version 0.28.0-45-g0d030f2227 (webtiles) character file.

Game seed: 2726608111956185778

3245 Icepheonix32 the Protected (level 9, -3/66 HPs)
             Began as a Demonspawn Fighter on Apr 10, 2022.
             Was an Initiate of Okawaru.
             Killed from afar by an oklob plant (33 damage)
             ... with a splash of acid
             ... on level 6 of the Dungeon.
             The game lasted 00:09:49 (6629 turns).

Icepheonix32 the Protected (Demonspawn Fighter)     Turns: 6629, Time: 00:09:50

Health: -3/66      AC:  5    Str: 23    XL:     9   Next: 67%
Magic:  9/9        EV:  8    Int:  9    God:    Okawaru [......]
Gold:   331        SH:  0    Dex: 13    Spells: 8/8 levels left

rFire   . . .      SeeInvis .   o - +6 spear of Peril {elec, rC+ rN+ Will-}
rCold   + . .      Faith    .   C - orb {light}
rNeg    + . .      Spirit   .   t - +0 plate armour "Xuruaj" {Will+ Str+2}
rPois   .          Reflect  .   (no helmet)
rElec   .          Harm     .   (no cloak)
rCorr   .          Rampage  .   (no gloves)
Will    .....                   (no boots)
Stlth   ..........              (no amulet)
HPRegen 0.21/turn               A - ring of flight
MPRegen 0.11/turn               (no ring)

@: corroded, flying, glowing
A: hooves 2, thin metallic scales 2, ignite blood 1, spiny 1
a: Renounce Religion


You were on level 6 of the Dungeon.
You worshipped Okawaru.
Okawaru was noncommittal.
You visited 2 branches of the dungeon, and saw 7 of its levels.
You also visited: Ossuary.

You collected 331 gold pieces.

Inventory:

Hand Weapons
 a - a +0 long sword
 j - a +0 short sword of speed
 o - the +6 spear of Peril (weapon) {elec, rC+ rN+ Will-}
   (You found it on level 2 of the Dungeon)

   It occasionally discharges a powerful burst of electricity upon striking a
   foe.
   rC:        It protects you from cold.
   rN:        It protects you from negative energy.
   Will:      It decreases your willpower.
 I - the +7 trident of the Fulmar {freeze, rN+ Dex+6}
   (You found it on level 5 of the Dungeon)

   It freezes those it strikes, dealing additional cold damage.
   It can also slow down cold-blooded creatures.
   Dex:       It affects your dexterity (+6).
   rN:        It protects you from negative energy.
Missiles
 h - 5 atropa-tipped darts (quivered)
 n - 18 poisoned darts
Armour
 b - a +0 scale mail
 c - a +0 buckler
 l - a +2 pair of boots of stealth
 t - the +0 plate armour "Xuruaj" (worn) {Will+ Str+2}
   (You found it on level 4 of the Dungeon)

   Str:       It affects your strength (+2).
   Will:      It increases your willpower.
 C - an orb of light (worn)
Jewellery
 A - a ring of flight (left hand)
 B - a ring of ice
Wands
 G - a wand of acid (7)
Scrolls
 f - a scroll of enchant armour {unknown}
 g - a scroll of silence
 i - 3 scrolls of amnesia {unknown}
 p - 2 scrolls of teleportation {unknown}
 q - 2 scrolls of fear {unknown}
 s - 5 scrolls of vulnerability
 x - 3 scrolls of fog {unknown}
 y - a scroll of summoning {unknown}
 D - 2 scrolls of magic mapping {unknown}
 F - 3 scrolls of identify {unknown}
 J - a scroll of immolation {unknown}
Potions
 d - 3 potions of might
 e - 3 potions of lignification
 k - a potion of brilliance {unknown}
 m - 2 potions of degeneration {unknown}
 r - a potion of ambrosia {unknown}
 u - 4 potions of mutation {unknown}
 v - 5 potions of curing {unknown}
 w - a potion of flight {unknown}
 z - a potion of magic {unknown}
 E - 2 potions of berserk rage {unknown}
 H - a potion of resistance {unknown}


   Skills:
 + Level 4.3 Fighting
 + Level 0.2(1.4) Short Blades
 + Level 2.2 Long Blades
 + Level 6.0 Polearms
 + Level 10.2 Armour
 + Level 1.7 Dodging
 + Level 1.1 Stealth
 - Level 3.5 Shields
 * Level 1.0 Invocations


You had 8 spell levels left.
You didn't know any spells.
Your spell library contained the following spells:

 Spells                   Type           Power      Damage    Failure   Level
 Corpse Rot               Necr/Air       0%         N/A       100%        2
 Poisonous Vapours        Pois/Air       0%         N/A       100%        2


Dungeon Overview and Level Annotations

Branches:
Dungeon (6/15)             Temple (1/1) D:6         Ossuary (visited)

Altars:
Ashenzari
Cheibriados
Dithmenos
Elyvilon
Fedhas
Gozag
Hepliaklqana
Kikubaaqudgha
Makhleb
Nemelex Xobeh
Okawaru
Qazlal
Ru
Sif Muna
Trog
Uskayaw
Vehumet
Wu Jian
Xom
Yredelemnul
Zin
The Shining One

Annotations:
D:6 exclusion: oklob plant


Innate Abilities, Weirdness & Mutations

You have hoof-like feet.
You are mostly covered in thin metallic scales. (AC +3)
Your demonic aura sometimes causes spilled blood to erupt in flames.
You are partially covered in sharp spines.


Message History

You hit the endoplasm but do no damage.
You kick the endoplasm, but do no damage.
The endoplasm is struck by your spines.
The endoplasm hits you but does no damage.
Unknown command.
You hit the endoplasm but do no damage.
You kick the endoplasm, but do no damage.
The endoplasm is severely wounded.
The endoplasm barely misses you.
Unknown command.
You hit the endoplasm.
Lightning courses through the endoplasm!
You kill the endoplasm!
Okawaru accepts your kill.
Unknown command.
You hit the endoplasm.
You kick the endoplasm, but do no damage.
The endoplasm is moderately wounded.
The endoplasm freezes you.
You are frozen.
You resist.
Unknown command.
You hit the endoplasm.
The endoplasm is severely wounded.
The endoplasm freezes you.
You are frozen.
You resist.
You hit the endoplasm.
Lightning courses through the endoplasm!
You kill the endoplasm!
Unknown command.
You hit the endoplasm.
Lightning courses through the endoplasm!
You kill the endoplasm!
Okawaru accepts your kill. The oklob plant spits acid at you.
The splash of acid hits you! The acid corrodes you!
You are too injured to fight recklessly!
The oklob plant spits acid at you. The splash of acid hits you!!
Ouch! That really hurt!
You die...

.......##.# #.⌠.# #.######
.).....)..# ##...###.[....#
##.....#### #####.......#.###.#
####...# #......#......# #.#
.<....## #.###..#.#..### #.#
###...# ##........#..#####.##
#...# #............##......
#...#######.......#.#.###.##.##
#...##........@...(...###.##.##
###...##.####.###.###.......##..#
...........##.# #'# #.......###.#
....>..[....#.# ... #...>...###.#
.......[....####...###...........
###...##......#.....##.....######
#^..#####.###..P..#..##### #
#...# .# #.....#### #...# .#
##...##


You could see an oklob plant.

Vanquished Creatures
  A water moccasin (D:6)
  An acid dragon (D:5)
  A sky beast (D:6)
  An ice beast (D:6)
  A hornet zombie (Ossuary)
  A black bear (D:6)
  2 necrophages
  2 centaurs (D:6)
  A phantom (D:5)
  The ghost of zeratav the Insei, an amateur OpTm (D:3)
  A kobold brigand (D:3)
  A bullfrog (D:6)
  Blork the orc (D:6)
  A scorpion (D:5)
  5 water moccasin zombies
  A howler monkey (D:6)
  2 centaur zombies (Ossuary)
  6 bullfrog zombies
  5 hounds
  2 orc priests
  A gnoll shaman (D:5)
  6 jellies (D:6)
  2 iguanas
  4 orc wizards
  5 killer bee zombies (Ossuary)
  A hound zombie (D:5)
  15 mummies
  8 howler monkey zombies
  5 gnolls (D:5)
  8 adders
  A shadow imp (D:5)
  2 white imps
  2 ufetubi (D:5)
  2 adder skeletons
  3 worms
  6 dart slugs
  12 orcs
  16 endoplasms
  3 giant cockroaches (D:1)
  8 goblins
  16 hobgoblins
  13 kobolds
  5 quokkas
  7 ball pythons
  6 bats
  4 frilled lizards
  3 rats
201 creatures vanquished.

Vanquished Creatures (others)
  7 fungi (D:6)
  A plant (D:1)
  4 withered plants (Ossuary)
12 creatures vanquished.

Grand Total: 213 creatures vanquished

Notes
Turn   | Place    | Note
-------+----------+-------------------------------------------
     0 | D:1      | Icepheonix32 the Demonspawn Fighter began the quest for the
                  | Orb.
     0 | D:1      | Reached XP level 1. HP: 18/18 MP: 1/1
   170 | D:1      | Gained mutation: You are partially covered in thin metallic
                  | scales. (AC +2) [demonic ancestry]
   170 | D:1      | Reached XP level 2. HP: 12/24 MP: 2/2
   674 | D:1      | Reached skill level 3 in Armour
   689 | D:1      | Gained mutation: You have large cloven feet. [demonic
                  | ancestry]
   689 | D:1      | Reached XP level 3. HP: 28/29 MP: 3/3
  1395 | D:2      | Gained mutation: Your demonic aura sometimes causes spilled
                  | blood to erupt in flames. [demonic ancestry]
  1395 | D:2      | Reached XP level 4. HP: 31/36 MP: 4/4
  1607 | D:2      | Identified the +6 spear of Peril {elec, rC+ rN+ Will-}
  1976 | D:2      | You fall into a shaft and drop 2 floors!
  2001 | D:4      | Identified the +0 plate armour "Xuruaj" {Will+ Str+2}
  2012 | D:4      | Found a sand-covered staircase.
  2019 | D:4      | Reached skill level 1 in Polearms
  2023 | Ossuary  | Entered an ossuary
  2034 | Ossuary  | Gained mutation: You have hoof-like feet. [demonic
                  | ancestry]
  2034 | Ossuary  | Reached XP level 5. HP: 42/42 MP: 5/5
  2051 | Ossuary  | Reached skill level 1 in Dodging
  2156 | Ossuary  | Gained mutation: You are partially covered in sharp spines.
                  | [demonic ancestry]
  2156 | Ossuary  | Reached XP level 6. HP: 33/48 MP: 6/6
  2263 | Ossuary  | Reached skill level 4 in Armour
  2308 | Ossuary  | Reached XP level 7. HP: 13/54 MP: 7/7
  2314 | Ossuary  | Reached skill level 1 in Stealth
  2610 | Ossuary  | Reached skill level 5 in Polearms
  2777 | D:4      | Reached skill level 5 in Armour
  2777 | D:4      | Reached XP level 8. HP: 49/60 MP: 8/8
  3110 | D:3      | Found a faded altar of an unknown god.
  3297 | D:3      | Found a runed translucent gate.
  3298 | D:3      | Found a runed translucent gate.
  3562 | D:3      | Found a runed translucent gate.
  3563 | D:3      | Noticed zeratav's ghost (amateur OpTm)
  3720 | D:3      | Killed zeratav's ghost
  3721 | D:3      | Reached skill level 6 in Armour
  4001 | D:4      | Found an ornate altar of the Wu Jian Council.
  4156 | D:5      | Entered Level 5 of the Dungeon
  4328 | D:5      | Reached skill level 7 in Armour
  4520 | D:5      | Reached skill level 8 in Armour
  4784 | D:5      | Identified the +7 trident of the Fulmar {freeze, rN+ Dex+6}
  5235 | D:5      | Gained mutation: You are mostly covered in thin metallic
                  | scales. (AC +3) [demonic ancestry]
  5235 | D:5      | Reached XP level 9. HP: 65/65 MP: 9/9
  5581 | D:6      | Reached skill level 9 in Armour
  6029 | D:6      | Reached skill level 10 in Armour
  6135 | D:6      | Found a staircase to the Ecumenical Temple.
  6149 | D:6      | Noticed Blork the orc
  6155 | D:6      | Killed Blork the orc
  6165 | Temple   | Entered the Ecumenical Temple
  6431 | Temple   | Became a worshipper of Warmaster Okawaru
  6601 | D:6      | Noticed an oklob plant
  6605 | D:6      | Reached skill level 1 in Invocations
  6629 | D:6      | Killed from afar by an oklob plant

Illustrated notes

Levels and vault maps discovered:
D:1:      sevenhm_arrival_forest_fort_large_4, layout_basic, serial_bayou_ford_a
D:2:      layout_basic, nicolae_figureground_pulse
D:3:      layout_rooms, ebering_ecumenical_altar_sacrificial,
          gammafunk_ghost_nasty_kobolds
D:4:      layout_rooms, kennysheep_little_box, gup_ossuary_entry_pyramid,
          grunt_ministairs_14, eino_tiny_chamber
D:5:      cheibrodos_fzero, layout_basic
D:6:      lemuel_slime, layout_loops_cross, minmay_temple_entry_junction,
          uniq_blork_the_orc
Temple:   mainiacjoe_temple_archimedes_tessellation

Skill      XL: |  1  2  3  4  5  6  7  8  9 |
---------------+----------------------------+-----
Long Blades    | 2 |  2.2
Shields        | 3 |  3.5
Armour         | 3 4 5 8 10 | 10.2
Polearms       | 1 2 3 5 6 |  6.0
Dodging        | 1 |  1.7
Fighting       | 4 |  4.3
Stealth        | 1 |  1.1
Invocations    | 1 |  1.0
Short Blades   | |  0.2

Action                   |  1- 3 |  4- 6 |  7- 9 || total
-------------------------+-------+-------+-------++-------
Melee: Long sword        |    86 |       |       ||    86
       Short sword       |    45 |    23 |       ||    68
       Kick              |     5 |    16 |    69 ||    90
       Spear             |       |    93 |   324 ||   417
Throw: Dart              |       |       |     1 ||     1
  Use: Scroll            |       |     1 |     1 ||     2
       Potion            |       |       |     2 ||     2
 Stab: Distracted        |       |     1 |       ||     1
Armor: Scale mail        |    72 |    32 |    51 ||   155
       Skin              |       |       |    38 ||    38
       Plate armour      |       |       |     5 ||     5
Dodge: Dodged            |    44 |    27 |    61 ||   132
Block: Buckler           |    26 |     9 |    14 ||    49
